Map: Terrasses de Prion

Players

Madero

  • Race: Protoss Protoss
  • League: Silver
  • Spawn Location: 11:00

zidar - Winner!

  • Race: Zerg Zerg
  • League: Silver
  • Spawn Location: 5:00

VOD

Have the link to the VOD?

Description

Time

  • Played on: Dec. 24, 2015, 12:19 p.m.
  • Length: 1:39
Show
View Real Time Build Order
Export as new Build Order

Madero Protoss 

Build Orders:  

Get SALT Encoding   

  12  0:01  Probe (Chrono Boost)  
  13  0:16  Pylon  
  13  0:18  Probe (Chrono Boost)  
  15  0:28  Probe (Chrono Boost)  
  15  0:38  Gateway  
  15  0:43  Probe (Chrono Boost)  
  15  0:48  Assimilator  
  16  0:53  Probe (Chrono Boost)  
  18  1:04  Probe (Chrono Boost)  
  18  1:12  Gateway  
  18  1:14  Probe (Chrono Boost)  
  19  1:25  Probe (Chrono Boost)  
Show
View Real Time Build Order
Export as new Build Order

zidar Zerg - Winner!

Build Orders: Hatch First 

Get SALT Encoding   

  12  0:01  Drone  
  13  0:12  Overlord  
  13  0:21  Drone  
  14  0:28  Extractor, Drone  
  14  0:35  Drone x2  
  17  0:57  Hatchery  
  17  1:00  Drone  
  17  1:11  Drone  
  18  1:19  Spawning Pool  
  18  1:20  Drone  
Tags
 
Add a new tag
Caveats
  • Supply blocks, unpowered buildings, or Contaminate may cause inaccurate times.
  • Supply counts are checked every 10 seconds.